 Dungeon Crawl Stone Soup version 0.18.1-50-g88ac8fd (webtiles) character file.

347 Amnesiac the Slicer (level 6, 0/47 HPs)
             Began as a Merfolk Fighter on Mar 8, 2018.
             Was a Follower of Pakellas.
             Slain by Prince Ribbit (15 damage)
             ... on level 4 of the Dungeon.
             The game lasted 00:05:19 (3845 turns).

Amnesiac the Slicer (Merfolk Fighter)               Turns: 3845, Time: 00:05:19

Health: 0/47       AC:  8    Str: 19    XL:     6   Next: 59%
Magic:  6/6        EV:  2    Int:  7    God:    Pakellas [*.....]
Gold:   234        SH:  9    Dex: 13    Spells: 0 memorised, 5 levels left

rFire  . . .     SeeInvis .     l - +1 short sword (speed)
rCold  . . .     Gourm    .     b - +0 scale mail
rNeg   . . .     Faith    .     c - +0 shield
rPois  .         Spirit   .     w - +0 helmet
rElec  .         Dismiss  .     (no cloak)
rCorr  .         Reflect  .     (no gloves)
SustAt +         Harm     .     (no boots)
MR     .....                    (no amulet)
Stlth  ..........               F - ring of sustain attributes
                                D - +1 ring of protection

@: not resistant to hostile enchantments, extremely unstealthy
A: change form in water, swift swim
a: Quick Charge, Renounce Religion


You were on level 4 of the Dungeon.
You worshipped Pakellas.
Pakellas was aware of your devotion.
You were not hungry.

You visited 1 branch of the dungeon, and saw 5 of its levels.

You collected 234 gold pieces.

Inventory:

Hand Weapons
 l - a +1 short sword of speed (weapon)
Missiles
 v - 3 needles of sleeping
 x - 3 poisoned javelins (quivered)
 y - 5 poisoned needles
Armour
 b - a +0 scale mail (worn)
 c - a +0 shield (worn)
 w - a +0 helmet (worn)
Jewellery
 D - a +1 ring of protection (left hand)
 F - a ring of sustain attributes (right hand)
Wands
 A - a wand of random effects (25/48)
Scrolls
 a - 5 scrolls of identify {!r, unknown}
 e - 2 scrolls of blinking {!r, unknown}
 g - 4 scrolls of remove curse {!r, unknown}
 j - a scroll of recharging {!r, unknown}
 k - 2 scrolls of magic mapping {!r, unknown}
 o - a scroll of enchant weapon {!r, unknown}
 u - 3 scrolls of teleportation {!r, unknown}
 B - a scroll of amnesia {!r, unknown}
 C - a scroll of fog {!r, unknown}
Potions
 d - 2 potions of might {!q}
 i - a potion of flight {!q, unknown}
 m - a potion of mutation {!q, unknown}
 n - a potion of lignification {!q, unknown}
 p - a potion of curing {!q}
 r - a potion of degeneration {!q, unknown}
 t - 3 potions of brilliance {!q, unknown}
 E - a potion of heal wounds {!q, unknown}
 G - a potion of cure mutation {!q, unknown}
Comestibles
 f - 5 bread rations
 h - 7 fruits
 q - 2 meat rations
 s - a beef jerky
 z - a chunk of flesh


   Skills:
 - Level 3.2 Fighting
 - Level 8.2 Short Blades
 - Level 2.1 Armour
 - Level 3.0 Shields
 + Level 0.0 Evocations


You had 5 spell levels left.
You didn't know any spells.

Dungeon Overview and Level Annotations

Branches:
Dungeon (5/15)
 Temple: D:4-7

Altars:
Ashenzari
Fedhas
Gozag
Kikubaaqudgha
Pakellas
Qazlal
Vehumet
Xom

Annotations:
D:4 Prince Ribbit


Message History

There is a stone staircase leading up here.
Evoke which item? (* to show all) (? for menu, Esc to quit)
Zapping:
A - a wand of random effects (33/48)
Press: ? - help, Shift-Dir - straight line, f - orc wizard
Aim: an orc wizard, wielding a dagger and wearing a robe The bolt of negative energy misses the orc wizard.
The bolt of negative energy misses the scorpion.
This wand has 32 charges left.
Evoke which item? (* to show all) (? for menu, Esc to quit)
Zapping:
A - a wand of random effects (32/48)
Press: ? - help, Shift-Dir - straight line, f/p - orc wizard
Aim: an orc wizard, wielding a dagger and wearing a robe The orc wizard evaporates and reforms as a jelly!
This wand has 31 charges left.
Prince Ribbit croaks regally.
Prince Ribbit hits you!
You climb upwards.
There is a stone staircase leading down here.
Evoke which item? (* to show all) (? for menu, Esc to quit)
Zapping:
A - a wand of random effects (31/48)
Press: ? - help, Shift-Dir - straight line, f - Prince Ribbit
Aim: Prince Ribbit Prince Ribbit seems to speed up.
This wand has 30 charges left.
Prince Ribbit hits you!
* * * LOW HITPOINT WARNING * * *
You block Prince Ribbit's attack.
Evoke which item? (* to show all) (? for menu, Esc to quit)
Zapping:
A - a wand of random effects (30/48)
Press: ? - help, Shift-Dir - straight line, f/p - Prince Ribbit
Aim: Prince Ribbit (fast) Prince Ribbit easily resists.
This wand has 29 charges left.
Prince Ribbit blinks!
Evoke which item? (* to show all) (? for menu, Esc to quit)
Zapping:
A - a wand of random effects (29/48)
Press: ? - help, Shift-Dir - straight line, f/p - Prince Ribbit
Aim: Prince Ribbit (fast) Nothing appears to happen.
This wand has 28 charges left.
Prince Ribbit blinks!
Evoke which item? (* to show all) (? for menu, Esc to quit)
Zapping:
A - a wand of random effects (28/48)
Press: ? - help, Shift-Dir - straight line, f/p - Prince Ribbit
Aim: Prince Ribbit (fast)
The mass of ice explodes!
The iceblast engulfs Prince Ribbit.
Prince Ribbit is moderately wounded.
This wand has 27 charges left.
Prince Ribbit blinks!
Evoke which item? (* to show all) (? for menu, Esc to quit)
Zapping:
A - a wand of random effects (27/48)
Press: ? - help, Shift-Dir - straight line, f/p - Prince Ribbit
Aim: Prince Ribbit (moderately wounded, fast) Prince Ribbit flickers and vanishes!
Deactivating autopickup; reactivate with Ctrl-A.
This wand has 26 charges left.
Evoke which item? (* to show all) (? for menu, Esc to quit)
Zapping:
A - a wand of random effects (26/48)
Press: ? - help, Shift-Dir - straight line The mass of ice explodes!
The iceblast engulfs something.
The iceblast engulfs you!
* * * LOW HITPOINT WARNING * * *
This wand has 25 charges left.
Drink which item? (? for menu, Esc to quit)
Really quaff
p - 2 potions of curing {!q}?
You feel better. Something hits you!
You die...
Pakellas says: Good help is so hard to find these days!

########### #..........
#.######### #.#
########## #.#
#........#####.#########
#......@................
#........###############
#........# #........#
###.....### #.......#
#.......##############
#.......#.............
#.....................


There were no monsters in sight!

Vanquished Creatures
  Sigmund (D:4)
  A hound (D:4)
  A centaur skeleton (D:4)
  A hound skeleton (D:4)
  5 adders
  A worm (D:3)
  A dart slug (D:1)
  3 giant geckos
  2 orcs (D:3)
  7 bats
  6 giant cockroaches
  8 hobgoblins
  A ball python (D:4)
  A giant newt (D:2)
  9 goblins
  13 kobolds
  9 rats
70 creatures vanquished.

Notes
Turn   | Place    | Note
--------------------------------------------------------------
     0 | D:1      | Amnesiac the Merfolk Fighter began the quest for the Orb.
     0 | D:1      | Reached XP level 1. HP: 18/18 MP: 1/1
   285 | D:2      | Reached skill level 3 in Short Blades
   337 | D:1      | Reached XP level 2. HP: 16/24 MP: 2/2
   488 | D:2      | Reached skill level 4 in Short Blades
   626 | D:2      | Reached XP level 3. HP: 29/29 MP: 3/3
   654 | D:2      | Found an opulent altar of Gozag.
   654 | D:2      | Found a shattered altar of Ashenzari.
   656 | D:2      | Found an ancient bone altar of Kikubaaqudgha.
   660 | D:2      | Found a stormy altar of Qazlal.
   662 | D:2      | Found a blossoming altar of Fedhas.
   665 | D:2      | Found a radiant altar of Vehumet.
  1108 | D:4      | Reached skill level 5 in Short Blades
  1108 | D:4      | Reached XP level 4. HP: 26/35 MP: 4/4
  1162 | D:4      | Found an oddly glowing altar of Pakellas.
  1171 | D:4      | Became a worshipper of Pakellas the Inventive
  1840 | D:1      | Found a shimmering altar of Xom.
  3071 | D:2      | Reached * piety under Pakellas
  3071 | D:2      | Received a gift from Pakellas
  3125 | D:3      | Reached skill level 6 in Short Blades
  3125 | D:3      | Reached XP level 5. HP: 35/41 MP: 5/5
  3754 | D:4      | Noticed Sigmund
  3759 | D:4      | Killed Sigmund
  3759 | D:4      | Reached skill level 8 in Short Blades
  3759 | D:4      | Reached XP level 6. HP: 47/47 MP: 6/6
  3826 | D:5      | Entered Level 5 of the Dungeon
  3830 | D:5      | Noticed Prince Ribbit
  3845 | D:4      | Slain by Prince Ribbit

Skill      XL: |  1  2  3  4  5 |
---------------+----------------+-----
Short Blades   | 3 4 5 6 8 |  8.2
Fighting       | |  3.2
Armour         | |  2.1
Shields        | |  3.0

Action                   |  1- 3 |  4- 6 || total
-------------------------+-------+-------++-------
Melee: Rapier            |   114 |       ||   114
       Short sword       |    33 |   158 ||   191
Evoke: Wand              |       |    11 ||    11
  Use: Potion            |     1 |     1 ||     2
  Eat: Chunk             |       |     9 ||     9
Armor: Scale mail        |    68 |    42 ||   110
Dodge: Dodged            |    43 |    32 ||    75
Block: Shield            |    80 |    46 ||   126
